 Dungeon Crawl Stone Soup version 0.31-a0-728-g01b46875f1 (webtiles) character file.

Game seed: 10090639245390395632

261 cforsyth the Trooper (level 6, -2/49 HPs)
             Began as a Djinni Chaos Knight on Sept 12, 2023.
             Was a Plaything of Xom.
             Killed from afar by a steam dragon (5 damage)
             ... with a ball of steam
             ... on level 4 of the Dungeon.
             The game lasted 00:03:37 (2078 turns).

cforsyth the Trooper (Djinni Chaos Knight)          Turns: 2078, Time: 00:03:38

Health: -2/49      AC:  8    Str: 11    XL:     6   Next: 41%
Gold:   112        EV: 11    Int: 16    God:    Xom [.....*] SH:  0 Dex: 12

rFire   + + .        a - +0 falchion (chaos)
rCold   x . .        (no shield)
rNeg    . . .        b - +2 leather armour
rPois   ∞            (no helmet)
rElec   .            m - +0 cloak
rCorr   .            r - +1 pair of gloves
SInv    .            (boots unavailable)
Will    .....        (no amulet)
Stlth   +            (no ring)
HPRegen 0.28/turn    (no ring)
MPRegen 0.00/turn

%: infuse magic (-3 HP)
@: cleaving, flying
A: sickness immunity, fire resistance 2, cold vulnerability 1, float, innate
caster, HP casting, extra vitality 1
a: Renounce Religion


You were on level 4 of the Dungeon.
You worshipped Xom.
You were Xom's teddy bear.
You visited 1 branch of the dungeon, and saw 4 of its levels.

You collected 112 gold pieces.

Inventory:

Hand Weapons
 a - a +0 falchion of chaos (weapon)
Armour
 b - a +2 leather armour (worn)
 m - a +0 cloak (worn)
 r - a +1 pair of gloves (worn)
Jewellery
 p - a ring of resist corrosion
Wands
 q - a wand of charming (5)
Scrolls
 c - a scroll of butterflies
 d - a scroll of immolation {unknown}
 e - 3 scrolls of identify {unknown}
 i - a scroll of fog {unknown}
 j - a scroll of poison {unknown}
 k - a scroll of fear {unknown}
 l - a scroll of teleportation {unknown}
 n - a scroll of noise {unknown}
Potions
 f - 3 potions of curing {unknown}
 g - 2 potions of enlightenment {unknown}
 h - 2 potions of might {unknown}
 o - a potion of resistance {unknown}


   Skills:
 + Level 5.1 Fighting
 - Level 2.6 Long Blades
 - Level 1.0 Armour
 - Level 2.1 Dodging
 + Level 2.9 Spellcasting
 + Level 2.9 Conjurations
 + Level 2.9 Hexes
 + Level 2.9 Summonings
 + Level 2.9 Necromancy
 + Level 2.9 Translocations
 + Level 2.9 Transmutations
 + Level 2.9 Fire Magic
 + Level 2.9 Ice Magic
 + Level 2.9 Air Magic
 + Level 2.9 Earth Magic
 + Level 2.9 Poison Magic


You knew the following spells:

 Your Spells              Type           Power      Damage    Failure   Level
a - Sting                 Tmut/Pois      44%        1d5       8%          1
b - Passwall              Tmut/Erth      9%         N/A       12%         2
Your spell library was empty.

Dungeon Overview and Level Annotations

Branches:
Dungeon (4/15)
 Temple: D:4-7

Altars:
Dithmenos
Okawaru
Qazlal
Trog
Uskayaw


Innate Abilities, Weirdness & Mutations

You are immune to sickness and miasma.
You are immune to poison.
Your flesh is very heat resistant. (rF++)
You are vulnerable to cold. (rC-)
You float through the air rather than walking.
You learn spells naturally, not from books.
Your magical power is your life essence.
You have superior vitality. (+4 MHP)


Message History

The steam dragon breathes steam at you. The ball of steam hits you. You resist.
An orc comes into view. It is wielding a +0 short sword.
The steam dragon bites you.
The steam dragon claws you but does no damage.
You hit the steam dragon but do no damage.
The steam dragon is almost dead.
Xom smiles on you.
Your +0 falchion of chaos looks sharp.
The steam dragon bites you!
* * * LOW HITPOINT WARNING * * *
The steam dragon claws you.
* * * LOW HITPOINT WARNING * * *
You closely miss the steam dragon.
The steam dragon is almost dead.
You hit the orc but do no damage.
The orc is poisoned.
The steam dragon bites you but does no damage.
The steam dragon claws you.
* * * LOW HITPOINT WARNING * * *
The orc hits you with a +0 short sword.
* * * LOW HITPOINT WARNING * * *
You completely miss the steam dragon.
The steam dragon is almost dead.
You barely miss the orc. The steam dragon breathes steam at you.
The ball of steam misses you. The orc hits you with a +0 short sword.
* * * LOW HITPOINT WARNING * * *
You barely miss the steam dragon.
The steam dragon is almost dead.
You hit the orc but do no damage. The steam dragon bites you.
* * * LOW HITPOINT WARNING * * *
The steam dragon barely misses you. The orc barely misses you.
Okay, then.
Unknown command.
You closely miss the steam dragon.
The steam dragon is almost dead.
You hit the orc but do no damage.
The orc looks as sick as possible!
The steam dragon breathes steam at you. The ball of steam hits you. You resist.
You die...

#...#.#..........# .
#.....#.........#
..#####.##.....#######
#..........###$###
#.........#......
...###..##.#......
##.##.........#
#..##o######## ##§.@D#
####..# ..# .!.# .....
.$...# .....# ######


You could see a steam dragon (agile, catching breath) and an orc (extremely
poisoned).

Vanquished Creatures
  An orc priest (D:3)
  Jessica (D:2)
  Terence (D:2)
  4 adders
  2 dart slugs
  5 orcs (D:3)
  3 bats
  7 endoplasms
  3 giant cockroaches
  5 hobgoblins
  4 kobolds
  A quokka (D:1)
  3 ball pythons
  A frilled lizard (D:2)
  6 goblins
  2 rats (D:1)
49 creatures vanquished.

Vanquished Creatures (collateral kills)
  An orc priest (D:4)
  An iguana (D:4)
  An orc wizard (D:4)
  2 orcs (D:4)
  A ball python (D:4)
  A quokka (D:4)
7 creatures vanquished.

Grand Total: 56 creatures vanquished

Notes
Turn   | Place    | Note
-------+----------+-------------------------------------------
     0 | D:1      | cforsyth the Djinni Chaos Knight began the quest for the
                  | Orb.
     0 | D:1      | Reached XP level 1. HP: 20/20 MP: 0/0
    55 | D:1      | Reached XP level 2. HP: 16/25 MP: 0/0
    89 | D:1      | Found a faded altar of an unknown god.
   326 | D:1      | Reached skill level 1 in Spellcasting
   326 | D:1      | Reached skill level 1 in Conjurations
   326 | D:1      | Reached skill level 1 in Hexes
   326 | D:1      | Reached skill level 1 in Summonings
   326 | D:1      | Reached skill level 1 in Necromancy
   326 | D:1      | Reached skill level 1 in Translocations
   326 | D:1      | Reached skill level 1 in Transmutations
   326 | D:1      | Reached skill level 1 in Fire Magic
   326 | D:1      | Reached skill level 1 in Ice Magic
   326 | D:1      | Reached skill level 1 in Air Magic
   326 | D:1      | Reached skill level 1 in Earth Magic
   326 | D:1      | Reached skill level 1 in Poison Magic
   402 | D:1      | Reached XP level 3. HP: 16/30 MP: 0/0
   402 | D:1      | Learned a level 1 spell: Sting
   542 | D:1      | XOM: noise
   816 | D:2      | Noticed Terence
   823 | D:2      | Killed Terence
   824 | D:2      | Reached XP level 4. HP: 30/37 MP: 0/0
   880 | D:2      | Noticed Jessica
   891 | D:2      | Killed Jessica
   892 | D:2      | Reached skill level 4 in Fighting
   970 | D:2      | Reached XP level 5. HP: 39/41 MP: 0/0
   970 | D:2      | Learned a level 2 spell: Passwall
  1300 | D:3      | Found an iron altar of Okawaru.
  1304 | D:3      | Found a shadowy altar of Dithmenos.
  1314 | D:3      | XOM: silly message
  1493 | D:3      | Found a hide-covered altar of Uskayaw.
  1694 | D:3      | XOM: scenery: summon butterflies
  1719 | D:3      | XOM: god gift: wand of charming (7)
  1744 | D:3      | XOM: scenery: summon butterflies
  1877 | D:3      | Found a stormy altar of Qazlal.
  1883 | D:3      | Found a bloodstained altar of Trog.
  1958 | D:4      | Noticed a steam dragon
  2012 | D:3      | XOM: god gift: pair of glowing gloves {god gift}
  2032 | D:4      | Reached XP level 6. HP: 49/49 MP: 0/0
  2034 | D:4      | Reached skill level 5 in Fighting
  2074 | D:4      | XOM: cleaving
  2078 | D:4      | Killed from afar by a steam dragon

Illustrated notes

Levels and vault maps discovered:
D:1:      minmay_arrival_arboretum_large, layout_basic,
          chequers_ecumenical_altar_island
D:2:      layout_rooms, uniq_jessica, uniq_terence
D:3:      layout_loops_ring, general_overflow_altar,
          nicolae_overflow_quartered_altars
D:4:      layout_rooms

Skill      XL: |  1  2  3  4  5  6 |
---------------+-------------------+-----
Spellcasting   | 1 2 |  2.9
Conjurations   | 1 2 |  2.9
Hexes          | 1 2 |  2.9
Summonings     | 1 2 |  2.9
Necromancy     | 1 2 |  2.9
Translocations | 1 2 |  2.9
Transmutations | 1 2 |  2.9
Fire Magic     | 1 2 |  2.9
Ice Magic      | 1 2 |  2.9
Air Magic      | 1 2 |  2.9
Earth Magic    | 1 2 |  2.9
Poison Magic   | 1 2 |  2.9
Fighting       | 4 5 |  5.1
Long Blades    | |  2.6
Armour         | |  1.0
Dodging        | |  2.1

Action                     |  1- 3 |  4- 6 || total
---------------------------+-------+-------++-------
  Melee: Falchion          |    51 |    83 ||   134
   Cast: Sting             |    10 |    23 ||    33
  Evoke: Wand              |       |     2 ||     2
 Armour: Leather armour    |    33 |    63 ||    96
  Dodge: Dodged            |    26 |    57 ||    83

Table legend: (Time is in decaauts)
 A = Elapsed time spent in this place.
 B = Non-inter-level travel time spent in this place.
 C = Inter-level travel time spent in this place.
 D = Time resting spent in this place.
 E = Time spent auto-exploring this place.
 F = Levels seen in this place.
 G = Mean time per level.
                   A        B        C        D        E       F      G
               +--------+--------+--------+--------+--------+-----+--------+
         Total |   2101 |   2038 |     63 |     45 |   1581 |   4 |  525.2 |
       Dungeon |   2101 |   2038 |     63 |     45 |   1581 |   4 |  525.2 |
               +--------+--------+--------+--------+--------+-----+--------+

Top non-repeatable levels by time:
     D:1: 814 daAuts
     D:3: 787 daAuts
     D:2: 430 daAuts
     D:4: 68 daAuts
